 Dungeon Crawl Stone Soup version 0.20-a0-1122-gb7cbeb9 (webtiles) character file.

67 Malus the Vexing (level 4, -1/35 HPs)
             Began as a Barachi Arcane Marksman on May 11, 2017.
             Slain by an adder (4 damage)
             ... on level 2 of the Dungeon.
             The game lasted 00:09:20 (1380 turns).

Malus the Vexing (Barachi Arcane Marksman)          Turns: 1380, Time: 00:09:20

Health: -1/35      AC:  2    Str: 16    XL:     4   Next: 16%
Magic:  5/5        EV: 12    Int: 14    God:
Gold:   67         SH:  0    Dex: 13    Spells: 4/5 levels left

rFire    . . .     SeeInvis .   b - +0 club
rCold    . . .     Gourm    .   (no shield)
rNeg     . . .     Faith    .   e - +0 robe
rPois    .         Spirit   .   (no helmet)
rElec    .         Reflect  .   (no cloak)
rCorr    .         Harm     .   (no gloves)
MR       .....                  (no boots)
Stlth    +.........             (no amulet)
Regen    0.2/turn               h - ring of flight
MPRegen  0.1/turn               (no ring)

@: mighty, lethally poisoned (-1 -> -3), slow
A: +LOS, swims, slowness 1, strong legs 1
a: Hop, Evoke Flight


You were on level 2 of the Dungeon.
You were hungry.

You visited 1 branch of the dungeon, and saw 2 of its levels.

You collected 67 gold pieces.

Inventory:

Hand Weapons
 a - a +0 shortbow
 b - a +0 club (weapon)
Missiles
 d - 14 arrows
Armour
 e - a +0 robe (worn)
Jewellery
 h - a ring of flight (left hand)
Scrolls
 k - 2 scrolls of teleportation {unknown}
 q - a scroll of enchant weapon {unknown}
Potions
 g - a potion of mutation {unknown}
 i - a potion of curing {unknown}
 m - a potion of might
 n - a potion of agility {unknown}
 p - a potion of lignification {unknown}
 r - a potion of ambrosia {unknown}
Books
 c - a book of Debilitation

   Spells                             Type                      Level
   a - Corona                         Hexes                        1
   b - Slow                           Hexes                        2
   c - Inner Flame                    Hexes/Fire                   3
   d - Portal Projectile              Hexes/Translocation          3
   e - Cause Fear                     Hexes                        4
   f - Leda's Liquefaction            Hexes/Earth                  4
Comestibles
 f - 3 bread rations
 j - 4 fruits
 l - a royal jelly
 o - a meat ration


   Skills:
 - Level 3.0 Fighting
 * Level 3.1 Bows
 - Level 2.1 Dodging
 - Level 1.1 Spellcasting
 * Level 3.7 Hexes


You had 4 spell levels left.
You knew the following spells:

 Your Spells              Type           Power        Failure   Level  Hunger
a - Corona                Hex            ##.....      5%          1    ##.....


Dungeon Overview and Level Annotations

Branches:
Dungeon (2/15)

Altars:
Yredelemnul


Innate Abilities, Weirdness & Mutations

Shadows flee at your approach. (+LOS)
You can swim through water.
You cover ground slowly.
You can hop short distances.


Message History

You feel sick. The adder closely misses you. The adder barely misses you.
Okay, then.
You barely miss the adder.
The adder is almost dead.
The adder misses you.
You hit the adder but do no damage.
The adder is almost dead.
* * * LOW HITPOINT WARNING * * *
You feel sick. The adder closely misses you. The adder barely misses you.
It was a potion of might.
You feel very mighty all of a sudden. The adder misses you.
You completely miss the adder.
The adder is almost dead.
The adder misses you. The adder bites you but does no damage.
You miss the adder.
The adder is almost dead.
* * * LOW HITPOINT WARNING * * *
You feel sick. The adder bites you.
You die...

...........#
####.......#
#..#....#########
#...............#
#..##.#.#######.#
#.......#
....###'###
######...##
##....@##
#......S## #
#.........# .
+.....)...'.......
#.........###....(
##.......## .#.
##.....## ##...##
##+#


You could see an adder.

Vanquished Creatures
  3 adders (D:2)
  3 oozes
  A dart slug (D:2)
  A giant cockroach (D:1)
  6 hobgoblins
  3 bats
  3 goblins (D:2)
  2 kobolds (D:1)
  4 rats
26 creatures vanquished.

Notes
Turn   | Place    | Note
-------+----------+-------------------------------------------
     0 | D:1      | Malus the Barachi Arcane Marksman began the quest for the Orb.
     0 | D:1      | Reached XP level 1. HP: 15/15 MP: 2/2
   107 | D:1      | Reached XP level 2. HP: 23/23 MP: 3/3
   713 | D:2      | Reached XP level 3. HP: 28/29 MP: 4/4
  1079 | D:2      | Reached XP level 4. HP: 29/35 MP: 3/5
  1113 | D:2      | Found a basalt altar of Yredelemnul.
  1380 | D:2      | Slain by an adder

Vault maps used:
D:1:      saegor_arrival_simple_a, serial_park_tiny_1, serial_bayou_crossing
D:2:      yredelemnul_altar_generic

Skill      XL: |  1  2  3  4 |
---------------+-------------+-----
Fighting       | 2 3 |  3.0
Bows           | 3 |  3.1
Dodging        | |  2.1
Spellcasting   | |  1.1
Hexes          | |  3.7

Action                   |  1- 3 |  4- 6 || total
-------------------------+-------+-------++-------
Melee: Club              |    47 |    58 ||   105
 Fire: Shortbow          |    45 |     3 ||    48
 Cast: Corona            |     1 |     8 ||     9
  Use: Potion            |       |     1 ||     1
  Eat: Chunk             |       |     2 ||     2
Armor: Robe              |     4 |    17 ||    21
Dodge: Dodged            |    37 |    48 ||    85
